 Dungeon Crawl Stone Soup version 0.23.2-1-ga50397a (webtiles) character file.

Game seed: 5305221179837403499

1053 goulibeur the Skirmisher (level 8, -4/70 HPs)
             Began as a Yellow Draconian Berserker on May 22, 2019.
             Was a Believer of Trog.
             Slain by an iguana (9 damage)
             ... on level 5 of the Dungeon.
             The game lasted 00:15:24 (5015 turns).

goulibeur the Skirmisher (DrBe)                     Turns: 5015, Time: 00:15:25

Health: -4/70      AC:  8    Str: 20    XL:     8   Next: 5%
Magic:  8/8        EV: 14    Int:  8    God:    Trog [**....]
Gold:   222        SH:  0    Dex: 12    Spells: 7/7 levels left

rFire    . . .     SeeInvis .   q - +0 flail
rCold    . . .     Gourm    .   (no shield)
rNeg     . . .     Faith    .   (armour unavailable)
rPois    .         Spirit   .   (helmet restricted)
rElec    .         Reflect  .   k - +0 cloak (curse)
rCorr    +         Harm     .   (no gloves)
MR       ++...                  i - +0 pair of boots
Stlth    +.........             (no amulet)
HPRegen  1.21/turn              (no ring)
MPRegen  0.11/turn              (no ring)

@: berserk cooldown, regenerating, slowed, very slow
A: spit acid, unfitting armour, cold-blooded, acid resistance, AC +6
a: Breathe Acid, Berserk, Trog's Hand, Renounce Religion


You were on level 5 of the Dungeon.
You worshipped Trog.
Trog was pleased with you.
You were hungry.

You visited 1 branch of the dungeon, and saw 5 of its levels.

You collected 222 gold pieces.

Inventory:

Hand Weapons
 a - a +0 mace
 q - a +0 flail (weapon)
 u - a +3 quarterstaff of chaos
Armour
 e - a +0 cloak
 i - a +0 pair of boots (worn)
 k - a cursed +0 cloak (worn)
Jewellery
 c - an uncursed amulet of rage {unknown}
 p - a +4 ring of strength {unknown}
Wands
 w - a wand of polymorph (8)
Scrolls
 d - 9 scrolls of identify {unknown}
 g - 2 scrolls of random uselessness {unknown}
 l - a scroll of amnesia {unknown}
 n - a scroll of fear {unknown}
 o - a scroll of remove curse {unknown}
 s - a scroll of enchant weapon {unknown}
 t - 2 scrolls of enchant armour {unknown}
 y - 2 scrolls of teleportation {unknown}
Potions
 f - 8 potions of heal wounds {unknown}
 h - a potion of brilliance {unknown}
 j - a potion of haste {unknown}
 m - 2 potions of curing {unknown}
 r - a potion of mutation {unknown}
 v - a potion of lignification {unknown}
 x - a potion of flight {unknown}
Comestibles
 b - 7 rations
 z - 4 chunks of flesh


   Skills:
 + Level 6.0 Fighting
 + Level 5.5 Maces & Flails
 + Level 4.1 Throwing
 + Level 5.0 Dodging


You had 7 spell levels left.
You didn't know any spells.
Your spell library was empty.

Dungeon Overview and Level Annotations

Branches:
Dungeon (5/15)             Temple (0/1) D:4

Altars:
Hepliaklqana
Kikubaaqudgha
Sif Muna
Vehumet
Zin
The Shining One

Shops:
D:4 }


Innate Abilities, Weirdness & Mutations

You can spit globs of acid.
Your golden yellow scales are hard. (AC +6)
You cannot fit into any form of body armour.
You are cold-blooded and may be slowed by cold attacks.
You are resistant to acid. (rCorr)


Message History

The iguana bites you.
* * * LOW HITPOINT WARNING * * *
You hit the iguana but do no damage.
The iguana is moderately wounded.
The iguana bites you!
* * * LOW HITPOINT WARNING * * *
The iguana bites you but does no damage.
You barely miss the iguana.
The iguana is moderately wounded.
The iguana closely misses you. The iguana misses you.
The iguana closely misses you.
You see here a +0 animal skin.
Things that are here:
a +2 whip of flaming; a +0 robe; the big kobold corpse of Pikel The iguana bites you.
* * * LOW HITPOINT WARNING * * *
Your skin crawls.
You feel resistant to hostile enchantments.
You feel somewhat more hungry. The iguana bites you!
You die...

......# #.######## ......#
#.##...... ......########
#.##.##### .............#
#.#....... .............#
#.#....### .............#
#.#....... ####.....(...#
#.#.......
####.........###########.#.....#.
.............[.l@........#...#.##
#####......##########............
#......+ .............#.#.
#......# ####.......###.#.
+........ .................
#......l.?. ####...........#.
####.##.... #.#.##.######. #.#
#... ?.......# #. .# #..
....#.#..# .#.


You could see an iguana.

Vanquished Creatures
  Pikel (D:5)
  2 slaves (D:5)
  2 ogres (D:5)
  Crazy Yiuf (D:4)
  An iguana (D:3)
  2 orc priests
  3 orc wizards
  A worker ant (D:4)
  Robin (D:3)
  4 gnolls (D:4)
  5 adders
  2 adder skeletons (D:4)
  4 dart slugs
  4 leopard geckos
  7 orcs
  A bat zombie (D:2)
  6 giant cockroaches
  14 goblins
  7 hobgoblins
  4 jackals (D:2)
  A quokka (D:2)
  2 ball pythons
  2 bats
  3 frilled lizards
  9 kobolds
  5 rats
  2 rat zombies (D:2)
96 creatures vanquished.

Notes
Turn   | Place    | Note
-------+----------+-------------------------------------------
     0 | D:1      | goulibeur the Draconian Berserker began the quest for the
                  | Orb.
     0 | D:1      | Reached XP level 1. HP: 19/19 MP: 1/1
   503 | D:1      | Reached XP level 2. HP: 26/26 MP: 2/2
   891 | D:2      | Reached skill level 1 in Throwing
  1001 | D:2      | Reached XP level 3. HP: 28/33 MP: 3/3
  1823 | D:2      | Reached ** piety under Trog
  1952 | D:2      | Reached XP level 4. HP: 40/40 MP: 4/4
  1972 | D:2      | Found an ancient bone altar of Kikubaaqudgha.
  2064 | D:3      | Reached skill level 4 in Fighting
  2068 | D:3      | Noticed Robin
  2072 | D:3      | Killed Robin
  2531 | D:3      | Found a radiant altar of Vehumet.
  2561 | D:3      | Found a hazy altar of Hepliaklqana.
  2564 | D:3      | Found a deep blue altar of Sif Muna.
  2567 | D:3      | Found a glowing silver altar of Zin.
  2771 | D:3      | Reached XP level 5. HP: 35/46 MP: 5/5
  3199 | D:4      | Found Anti's Gadget Shoppe.
  3249 | D:4      | Reached XP level 6. HP: 53/53 MP: 6/6
  3560 | D:4      | Found a runed translucent door.
  3561 | D:4      | Noticed Crazy Yiuf
  3630 | D:4      | Found a staircase to the Ecumenical Temple.
  3763 | D:4      | Found a glowing golden altar of the Shining One.
  3805 | D:4      | Killed Crazy Yiuf
  3899 | D:5      | Entered Level 5 of the Dungeon
  4218 | D:5      | Noticed a slave
  4245 | D:5      | Killed a slave
  4365 | D:5      | Noticed Pikel
  4365 | D:5      | Noticed a slave
  4366 | D:5      | Noticed a slave
  4367 | D:5      | Noticed a slave
  4459 | D:5      | Killed a slave
  4579 | D:5      | Reached skill level 5 in Fighting
  4845 | D:5      | Your scales start taking on a golden yellow colour.
  4845 | D:5      | Reached XP level 7. HP: 61/61 MP: 7/7
  4845 | D:5      | Gained mutation: You are resistant to acid. (rCorr) [Yellow
                  | Draconian growth]
  4995 | D:5      | Killed Pikel
  4995 | D:5      | Reached skill level 6 in Fighting
  4995 | D:5      | Reached skill level 5 in Maces & Flails
  4995 | D:5      | Reached skill level 5 in Dodging
  4995 | D:5      | Reached XP level 8. HP: 70/70 MP: 8/8
  5014 | D:5      | HP: 3/70 [iguana (5)]
  5015 | D:5      | Slain by an iguana

Skill      XL: |  1  2  3  4  5  6  7 |
---------------+----------------------+-----
Throwing       | 1 2 3 4 |  4.1
Dodging        | 3 4 5 |  5.0
Fighting       | 4 5 6 |  6.0
Maces & Flails | 4 5 |  5.5

Action                   |  1- 3 |  4- 6 |  7- 9 || total
-------------------------+-------+-------+-------++-------
Melee: Mace              |   123 |    52 |       ||   175
       Tailslap          |    12 |    16 |       ||    28
       Flail             |       |   140 |    18 ||   158
Invok: Berserk           |       |     8 |     1 ||     9
       Trog's Hand       |       |       |     1 ||     1
 Stab: Sleeping          |       |     1 |       ||     1
  Eat: Chunk             |     3 |     9 |     2 ||    14
       Ration            |       |     2 |       ||     2
Armor: Skin              |    34 |    54 |     2 ||    90
Dodge: Dodged            |    88 |    94 |     9 ||   191
